[Event "Titled Tuesday Blitz January 03 Early 2023"]
[White "Fabris, Alberto"]
[Black "Defend1r"]
[WhiteFideId "801348"]
[WhiteElo "2230"]
[BlackElo "2539"]
[Result "0-1"]
[Round "06"]
[TimeControl "180+2"]
[Date "2023.01.03"]
[WhiteClock "0:00:15"]
[BlackClock "0:00:07"]

1. e4 c5 2. Nf3 d6 3. Bb5+ Nd7 4. O-O a6 5. Bxd7+ Bxd7 6. d4 cxd4 7. Nxd4 e5 8. Ne2 Nf6 9. Ng3 h6 10. c4 Rc8 11. b3 b5 12. cxb5 axb5 13. Bb2 b4 14. Nd2 Be7 15. Nc4 Be6 16. Rc1 O-O 17. Qd3 Rb8 18. Rfd1 Bxc4 19. Rxc4 g6 20. Nf1 Qa5 21. Rc2 Rfd8 22. Ne3 Rb5 23. Nc4 Qa6 24. Ne3 d5 25. exd5 Nxd5 26. Nxd5 Rdxd5 27. Qxd5 Rxd5 28. Rxd5 Qxa2 29. Rcd2 f6 30. Bxe5 Qxb3 31. Bd6 Bd8 32. Bxb4 Qxb4 33. Rxd8+ Kf7 34. g3 g5 35. R8d6 Kg6 36. R6d4 Qb1+ 37. Kg2 Qb7+ 38. Kg1 h5 39. h3 Qb1+ 40. Kg2 Qf5 41. g4 hxg4 42. hxg4 Qb5 43. R2d3 Qb7+ 44. Kg3 Qe7 45. Rd6 Qe1 46. Kg2 Qe2 47. R6d4 Qb2 48. Re4 Qb5 49. Rde3 Qd5 50. Kg3 Qd1 51. Kg2 Kf7 52. Re7+ Kg6 53. R7e4 Qa1 54. Re2 Qa8 55. Kg3 Qh8 56. Kg2 Qh7 57. R4e3 Qg8 58. Re6 Qb8 59. R2e3 Qb1 60. Rf3 Qb4 61. Rexf6+ Kg7 62. Kg3 Qb8+ 63. Kh3 Qh8+ 64. Kg2 Qh4 65. Rg3 Kxf6 66. f3 Qh8 67. Kf2 Qb8 68. Kg2 Qb2+ 69. Kg1 Qd4+ 70. Kg2 Qf4 71. Rh3 Qd2+ 72. Kg1 Ke5 73. Rh5 Kf4 74. Rh7 Kg3 0-1


[Site "https://www.chess.com"]

[Event "Titled Tuesday Blitz January 03 Early 2023"]
[White "Turzo, Attila"]
[Black "Wilson, Elvin"]
[WhiteFideId "704954"]
[BlackFideId "2014874"]
[WhiteElo "2279"]
[BlackElo "2183"]
[Result "1-0"]
[Round "06"]
[TimeControl "180+2"]
[Date "2023.01.03"]
[WhiteClock "0:01:05"]
[BlackClock "0:00:03"]

1. d4 Nf6 2. Bf4 e6 3. Nf3 d5 4. e3 Bd6 5. Bg3 O-O 6. Nbd2 b6 7. c4 Bb7 8. Rc1 Nbd7 9. Bxd6 cxd6 10. Be2 Rc8 11. O-O Qe7 12. Qa4 a6 13. Qa3 Rfe8 14. cxd5 exd5 15. Qb4 Ne4 16. Nxe4 dxe4 17. Nd2 Rxc1 18. Rxc1 Rc8 19. Rxc8+ Bxc8 20. Nc4 b5 21. Qxd6 Kf8 22. Qc7 bxc4 23. Qxc8+ Qe8 24. Qxe8+ Kxe8 25. Bxc4 Nb8 26. b4 f6 27. Bg8 h6 28. Bh7 Nc6 29. a3 Ke7 30. Bxe4 Na7 31. Bd3 Kd6 32. Bxa6 Nc6 33. Kf1 1-0


[Site "https://www.chess.com"]

[Event "Titled Tuesday Blitz January 03 Early 2023"]
[White "Dushyant Sharma"]
[Black "Nathan, Nitish"]
[WhiteFideId "25065130"]
[BlackFideId "30927870"]
[WhiteElo "2355"]
[BlackElo "2071"]
[Result "0-1"]
[Round "06"]
[TimeControl "180+2"]
[Date "2023.01.03"]
[WhiteClock "0:00:11"]
[BlackClock "0:00:52"]

1. e4 c5 2. Nf3 Nc6 3. d4 cxd4 4. Nxd4 e5 5. Nxc6 bxc6 6. Nc3 Bb4 7. Bd3 Nf6 8. O-O O-O 9. Kh1 d5 10. f4 Bxc3 11. bxc3 dxe4 12. fxe5 exd3 13. exf6 dxc2 14. Qxc2 Ba6 15. Rf2 Re8 16. Ba3 Qd3 17. Qa4 Qxc3 18. Rg1 Qc4 19. Qa5 Qb5 20. Qc3 Qd3 21. Qxc6 Qxa3 22. fxg7 Rad8 23. Rf3 Qd6 24. Qa4 Bb7 25. Rg3 a6 26. Qh4 Qd4 27. Rg4 Qe3 28. h3 Rd2 29. Rg3 Qe2 30. Kh2 Qe4 31. Qh6 Rd3 32. Rg4 Qe5+ 33. Kh1 Qf6 34. Qxf6 Rxh3# 0-1


[Site "https://www.chess.com"]

[Event "Titled Tuesday Blitz January 03 Early 2023"]
[White "Golubova, Anna"]
[Black "Silva Lucena, Cristian"]
[WhiteFideId "24173606"]
[BlackFideId "2232588"]
[WhiteElo "2156"]
[BlackElo "2285"]
[Result "1-0"]
[Round "06"]
[TimeControl "180+2"]
[Date "2023.01.03"]
[WhiteClock "0:00:05"]
[BlackClock "0:00:01"]

1. d4 Nf6 2. Nf3 d6 3. g3 Bf5 4. Bg2 g6 5. O-O Bg7 6. c4 O-O 7. Nc3 Ne4 8. Nh4 Nxc3 9. bxc3 Bc8 10. Rb1 c6 11. e4 Qa5 12. Qc2 c5 13. Be3 Nc6 14. Rb5 Qc7 15. dxc5 dxc5 16. Rxc5 b6 17. Rd5 Be6 18. Bf4 Qc8 19. Rd2 Na5 20. e5 Rb8 21. Nf3 Nxc4 22. Rd4 Na5 23. Rfd1 Qc7 24. Ng5 Bf5 25. Qb2 Bxe5 26. Bxe5 Qxe5 27. Rd5 Qf6 28. Nf3 Be6 29. R5d4 Rfc8 30. Qa3 Rc5 31. R1d3 Bf5 32. Rd8+ Rxd8 33. Rxd8+ Kg7 34. Nd4 Bg4 35. h3 e5 36. Re8 exd4 37. cxd4 Qxd4 38. hxg4 Qa1+ 39. Kh2 Qf6 40. Kg1 Nc4 41. Qxa7 Ne5 42. Qa3 Nxg4 43. Bf3 Ne5 44. Kg2 h5 45. Rb8 Rd5 46. Bxd5 h4 47. Qe3 hxg3 48. Qxg3 1-0


[Site "https://www.chess.com"]

[Event "Titled Tuesday Blitz January 03 Early 2023"]
[White "Guliev, Logman"]
[Black "Bashirli, Saadat"]
[WhiteFideId "13400061"]
[BlackFideId "13429990"]
[WhiteElo "2250"]
[BlackElo "1571"]
[Result "1-0"]
[Round "06"]
[TimeControl "180+2"]
[Date "2023.01.03"]
[WhiteClock "0:01:42"]
[BlackClock "0:01:50"]

1. e4 c5 2. Nf3 g6 3. c3 Nf6 4. e5 Nd5 5. d4 cxd4 6. cxd4 d6 7. Nc3 Nxc3 8. bxc3 dxe5 9. Nxe5 Bg7 10. Bb5+ Bd7 11. Nxd7 Nxd7 12. O-O O-O 13. Qf3 Qc8 14. Bg5 e5 15. d5 f6 16. Be3 Nc5 17. Rfd1 Rd8 18. d6 Ne6 19. d7 Qc7 20. Qd5 Kf7 21. Bc4 Qc6 22. Qxc6 bxc6 23. Rd6 Ke7 24. Rxe6+ Kxd7 25. Rd1+ Kc8 26. Ba6+ Kc7 27. Re7+ Kb8 28. Rxd8# 1-0


[Site "https://www.chess.com"]

[Event "Titled Tuesday Blitz January 03 Early 2023"]
[White "Zherebtsova, Alexandra"]
[Black "Thiel, Thomas"]
[WhiteFideId "24129518"]
[BlackFideId "4615964"]
[WhiteElo "2155"]
[BlackElo "2234"]
[Result "1-0"]
[Round "06"]
[TimeControl "180+2"]
[Date "2023.01.03"]
[WhiteClock "0:00:48"]
[BlackClock "0:00:08"]

1. d4 Nf6 2. Nf3 g6 3. c4 Bg7 4. Nc3 d5 5. e3 O-O 6. Qb3 dxc4 7. Bxc4 Nc6 8. Ne5 Na5 9. Nxf7 Nxb3 10. Nxd8+ Kh8 11. Bxb3 Rxd8 12. O-O b6 13. Nb5 c5 14. Rd1 Ne4 15. f3 Nd6 16. dxc5 bxc5 17. Nxd6 exd6 18. e4 Rb8 19. Rb1 Ba6 20. Bd5 Rd7 21. b3 c4 22. Bf4 c3 23. Rbc1 Rb6 24. Be3 Rb8 25. Be6 Rdd8 26. Bxa7 Ra8 27. Be3 Be2 28. Re1 Rxa2 29. Ra1 Rxa1 30. Rxa1 c2 31. Rc1 Bd3 32. Bc4 Bxc4 33. bxc4 1-0


[Site "https://www.chess.com"]

[Event "Titled Tuesday Blitz January 03 Early 2023"]
[White "Liu, Kelsey"]
[Black "Sreyas Payyappat"]
[WhiteFideId "30944481"]
[BlackFideId "46674969"]
[WhiteElo "2065"]
[BlackElo "2076"]
[Result "0-1"]
[Round "06"]
[TimeControl "180+2"]
[Date "2023.01.03"]
[WhiteClock "0:00:05"]
[BlackClock "0:00:59"]

1. e4 c6 2. d4 d5 3. e5 Bf5 4. Nc3 e6 5. g4 Bg6 6. Nge2 c5 7. h4 cxd4 8. Nxd4 h5 9. f4 hxg4 10. Bb5+ Nd7 11. f5 Rxh4 12. Rf1 Rh2 13. Qxg4 exf5 14. Nxf5 Bxf5 15. Qxf5 Qh4+ 16. Kd1 O-O-O 17. Bg5 Qd4+ 18. Bd3 Be7 19. Nb5 Qxb2 20. Rc1 Bxg5 21. Nd6+ Kc7 22. Qxg5 f6 23. Nb5+ Kc8 24. Nd6+ Kb8 25. Qg3 Qxe5 26. Qxe5 Nxe5 27. Nf5 Ng4 28. Rb1 N8h6 29. Kc1 Nxf5 30. Rxf5 Ne3 31. Kb2 0-1


[Site "https://www.chess.com"]

[Event "Titled Tuesday Blitz January 03 Early 2023"]
[White "Miszler, Levente"]
[Black "Ciuffoletti, Paolo"]
[WhiteFideId "763276"]
[BlackFideId "807630"]
[WhiteElo "2271"]
[BlackElo "2106"]
[Result "1/2-1/2"]
[Round "06"]
[TimeControl "180+2"]
[Date "2023.01.03"]
[WhiteClock "0:00:22"]
[BlackClock "0:00:19"]

1. e4 c5 2. Nc3 Nc6 3. g3 g6 4. Bg2 Bg7 5. f4 d6 6. Nf3 e6 7. O-O Nge7 8. d3 Nd4 9. Ne2 Nec6 10. c3 Nxe2+ 11. Qxe2 Rb8 12. a4 a6 13. Nh4 b5 14. axb5 axb5 15. f5 Bf6 16. fxe6 Bxe6 17. Nf3 O-O 18. Ra6 Qc8 19. Rxc6 Qxc6 20. e5 Bg7 21. Ng5 Bd5 22. exd6 Bxg2 23. Qxg2 Qxd6 24. Bf4 Be5 25. Ne4 Qe7 26. Bxe5 Qxe5 27. Nf6+ Kg7 28. Nd7 Qe3+ 29. Qf2 Qe6 30. Nxb8 Rxb8 31. Qxc5 Rd8 32. d4 Rd5 33. Qc7 Qe3+ 34. Kg2 Qe4+ 35. Kg1 Qe3+ 36. Kg2 Qe4+ 37. Kg1 Qe3+ 1/2-1/2


[Site "https://www.chess.com"]

[Event "Titled Tuesday Blitz January 03 Early 2023"]
[White "Sanchez, Robert"]
[Black "Osiecki, Stanislaw"]
[WhiteFideId "2034360"]
[BlackFideId "1102990"]
[WhiteElo "1966"]
[BlackElo "2055"]
[Result "1-0"]
[Round "06"]
[TimeControl "180+2"]
[Date "2023.01.03"]
[WhiteClock "0:00:26"]
[BlackClock "0:00:01"]

1. e4 e6 2. d4 d5 3. Nc3 Bb4 4. e5 c5 5. Bd2 Bxc3 6. Bxc3 cxd4 7. Qxd4 Nc6 8. Qg4 g6 9. Nf3 Nge7 10. O-O-O h5 11. Qf4 Nf5 12. Bd3 Bd7 13. Bxf5 gxf5 14. h3 Qe7 15. Nd4 Nxd4 16. Bxd4 b6 17. Kb1 O-O-O 18. Bc3 Kb7 19. Bb4 Qe8 20. Bd6 Bb5 21. b3 Rc8 22. g4 hxg4 23. hxg4 Rxh1 24. Rxh1 Qc6 25. Rc1 fxg4 26. Qxf7+ Ka8 27. Qg6 Qc3 28. Qxe6 d4 29. Bb4 Qc6 30. Qxg4 Bd3 31. Qxd4 Bxc2+ 32. Kb2 a5 33. Bd6 a4 34. Qd2 axb3 35. axb3 Qe4 36. Rxc2 Rxc2+ 37. Qxc2 Qd4+ 38. Ka2 Ka7 39. Qc7+ Ka6 40. Qc4+ Qxc4 41. bxc4 Kb7 42. f4 1-0


[Site "https://www.chess.com"]

[Event "Titled Tuesday Blitz January 03 Early 2023"]
[White "Murzin, Volodar"]
[Black "Lauridsen, Jesper Morch"]
[WhiteFideId "44155573"]
[BlackFideId "1401890"]
[WhiteElo "2604"]
[BlackElo "2309"]
[Result "1-0"]
[Round "06"]
[TimeControl "180+2"]
[Date "2023.01.03"]
[WhiteClock "0:02:12"]
[BlackClock "0:01:52"]

1. e4 e5 2. Nf3 Nf6 3. d4 Nxe4 4. Bd3 d5 5. Nxe5 Nd7 6. Nxd7 Bxd7 7. O-O Bd6 8. Nc3 Nxc3 9. bxc3 O-O 10. Qh5 g6 11. Qxd5 Bc6 12. Qg5 f6 13. Qh4 Qd7 14. Bh6 Rfe8 15. Bc4+ Re6 16. Qxf6 Bxh2+ 17. Kxh2 1-0


[Site "https://www.chess.com"]

[Event "Titled Tuesday Blitz January 03 Early 2023"]
[White "Samaganova, Aleksandra"]
[Black "Berezin, Viktor"]
[WhiteFideId "13800221"]
[BlackFideId "14107872"]
[WhiteElo "1856"]
[BlackElo "2307"]
[Result "0-1"]
[Round "06"]
[TimeControl "180+2"]
[Date "2023.01.03"]
[WhiteClock "0:00:02"]
[BlackClock "0:00:05"]

1. c4 Nf6 2. Nc3 g6 3. g3 Bg7 4. Bg2 O-O 5. e3 d6 6. Nge2 Nc6 7. O-O a6 8. d4 Rb8 9. Rb1 e5 10. b4 Bf5 11. Rb2 exd4 12. exd4 Re8 13. Bg5 Qd7 14. Bxf6 Bxf6 15. Nd5 Bg7 16. b5 axb5 17. cxb5 Ne7 18. Nec3 Bh3 19. Bxh3 Qxh3 20. Nxc7 Rec8 21. N7d5 Nf5 22. Nf4 Qh6 23. Ne4 Nxd4 24. Nxd6 Rd8 25. Ne4 Nf3+ 26. Qxf3 Bxb2 27. Qb3 Qg7 28. Nd5 Be5 29. b6 Kh8 30. Nc7 Rbc8 31. Rc1 Qh6 32. Re1 Qg7 33. Ng5 Rd7 34. h4 Bxc7 35. bxc7 Rdxc7 36. Qb6 h6 37. Nf3 Qc3 38. Kg2 Qc6 39. Qb2+ Kh7 40. Qe2 Qf6 41. h5 Rc2 42. Qe3 R2c3 43. Qe4 R8c4 44. Qe5 Qxf3+ 45. Kg1 Qxh5 46. Qe7 Qf5 47. Qe8 Rc2 48. Rf1 Rc8 49. Qe3 R2c3 50. Qb6 Qe6 51. Qxb7 R3c7 52. Qg2 Kg7 53. a4 Qf6 54. a5 Ra7 55. a6 Rxa6 56. Qb7 Rac6 57. Qb5 R8c7 58. Qe2 h5 59. Qe4 Re6 60. Qb4 h4 61. gxh4 Rce7 62. Kh2 Re4 63. Qd2 Qxh4+ 64. Kg2 Qg4+ 65. Kh2 Qf3 66. Qb2+ f6 67. Qb8 Rh4+ 68. Kg1 Rh1# 0-1


[Site "https://www.chess.com"]

[Event "Titled Tuesday Blitz January 03 Early 2023"]
[White "Van den Dikkenberg, Erik"]
[Black "Herman, Daniel"]
[WhiteFideId "1005880"]
[BlackFideId "30935008"]
[WhiteElo "2091"]
[BlackElo "1956"]
[Result "0-1"]
[Round "06"]
[TimeControl "180+2"]
[Date "2023.01.03"]
[WhiteClock "0:00:04"]
[BlackClock "0:00:15"]

1. e4 g6 2. d4 Bg7 3. Nc3 d6 4. Bf4 c6 5. Qd2 e5 6. dxe5 dxe5 7. Qxd8+ Kxd8 8. Bg5+ f6 9. O-O-O+ Kc7 10. Be3 Be6 11. Nf3 Nd7 12. Nd2 b5 13. Kb1 Nh6 14. f3 Nf7 15. Nb3 Bf8 16. Be2 a5 17. Rd2 a4 18. Nc1 Bh6 19. Bxh6 Nxh6 20. Rhd1 Rhd8 21. a3 Nf7 22. Nd3 f5 23. Nb4 Nf6 24. Rxd8 Nxd8 25. h3 Nh5 26. Bf1 Nf7 27. exf5 gxf5 28. Re1 Nf6 29. g4 Rd8 30. gxf5 Bxf5 31. f4 exf4 32. Re7+ Rd7 33. Re1 Ng5 34. Bg2 f3 35. Bf1 Nfe4 36. Nxe4 Nxe4 37. Bd3 Ng3 38. Bxf5 Nxf5 39. Rf1 Nh4 40. Nd3 Rg7 41. Ne5 Rg3 42. Rd1 Rxh3 43. Rd7+ Kb6 44. Rxh7 f2 45. Rf7 Rh1+ 46. Ka2 f1=Q 47. Rxf1 Rxf1 0-1


[Site "https://www.chess.com"]

[Event "Titled Tuesday Blitz January 03 Early 2023"]
[White "Gavilan Diaz, Mario"]
[Black "Bobomurodova, Maftuna"]
[WhiteFideId "2260905"]
[BlackFideId "14207400"]
[WhiteElo "2271"]
[BlackElo "1946"]
[Result "0-1"]
[Round "06"]
[TimeControl "180+2"]
[Date "2023.01.03"]
[WhiteClock "0:01:32"]
[BlackClock "0:02:08"]

1. d4 Nf6 2. c4 e5 3. dxe5 Ng4 4. e4 Nxe5 5. f4 Nec6 6. Be3 Na6 7. Nc3 Bc5 8. Qd2 d6 9. Nf3 O-O 10. Be2 Re8 11. O-O Bb4 12. a3 Bxc3 13. Qxc3 Nc5 14. Bxc5 dxc5 15. Rad1 Qe7 16. Bd3 Bg4 17. e5 Rad8 18. Be4 Nd4 19. h3 Ne2+ 20. Kh2 Nxc3 21. bxc3 Bxf3 22. Bxf3 Rxd1 23. Rxd1 Rd8 0-1


[Site "https://www.chess.com"]

[Event "Titled Tuesday Blitz January 03 Early 2023"]
[White "Feng, Maggie"]
[Black "Shuvalov, Evgenij"]
[WhiteFideId "2078090"]
[BlackFideId "4187237"]
[WhiteElo "2138"]
[BlackElo "2038"]
[Result "0-1"]
[Round "06"]
[TimeControl "180+2"]
[Date "2023.01.03"]
[WhiteClock "0:00:14"]
[BlackClock "0:00:15"]

1. Nf3 Nf6 2. g3 g6 3. b3 Bg7 4. Bb2 O-O 5. Bg2 d5 6. c4 c6 7. O-O a5 8. d3 Nbd7 9. Nbd2 Re8 10. Qc2 e5 11. cxd5 Nxd5 12. Nc4 Qe7 13. Rac1 Nb4 14. Qb1 e4 15. dxe4 Qxe4 16. Qxe4 Rxe4 17. Bxg7 Kxg7 18. a3 Nd5 19. Nd6 Rxe2 20. Nd4 Rd2 21. Rfd1 Rxd1+ 22. Rxd1 N7f6 23. Re1 Rb8 24. h3 Bd7 25. g4 g5 26. Re5 h6 27. Bf1 Ne8 28. N6f5+ Bxf5 29. Nxf5+ Kh7 30. Bd3 Nf4 31. Bc2 Ng6 32. Ne7 Nd6 33. Nxg6 fxg6 34. Re7+ Kg8 35. Bxg6 Rf8 36. Bd3 Rf6 37. Kg2 Kf8 38. Re1 b5 39. b4 a4 40. Bc2 Nc4 41. Rd1 Nxa3 42. Be4 Nc4 43. Rd8+ Ke7 44. Rh8 Ne5 45. Rh7+ Kd6 46. Rh8 Nd7 47. Ra8 Nb6 48. Rd8+ Ke5 49. Bf3 Nd5 50. Re8+ Kd4 51. Ra8 Kc4 52. Rc8 Kxb4 53. Bxd5 cxd5 54. Rd8 a3 55. Rxd5 a2 56. Rd1 Kb3 57. Kg3 Kb2 58. h4 a1=Q 59. Rxa1 Kxa1 60. hxg5 hxg5 61. f4 Rxf4 62. Kh3 b4 63. Kh2 b3 64. Kg3 b2 65. Kh3 b1=Q 66. Kg2 Qd3 67. Kh2 Qe3 68. Kg2 Rf2+ 69. Kh1 Qe1# 0-1


[Site "https://www.chess.com"]

[Event "Titled Tuesday Blitz January 03 Early 2023"]
[White "Quinones Garcia, Santiago"]
[Black "De Arruda, Leandro Formes"]
[WhiteFideId "4408497"]
[BlackFideId "22722009"]
[WhiteElo "2248"]
[BlackElo "1980"]
[Result "1-0"]
[Round "06"]
[TimeControl "180+2"]
[Date "2023.01.03"]
[WhiteClock "0:01:18"]
[BlackClock "0:00:11"]

1. d4 d5 2. c4 e6 3. Nc3 Nf6 4. Bg5 Be7 5. cxd5 exd5 6. e4 Nxe4 7. Bxe7 Qxe7 8. Be2 c6 9. Nf3 O-O 10. O-O Bg4 11. h3 Bh5 12. Re1 Nd7 13. Qb3 Rab8 14. Rad1 f5 15. Ne5 Bxe2 16. Rxe2 Nxe5 17. dxe5 Kh8 18. f3 Qc5+ 19. Kh2 Ng5 20. f4 Ne6 21. Na4 Qa5 22. Rf2 b5 23. Nc3 Nc5 24. Qc2 Ne4 25. Nxe4 fxe4 26. Qxc6 e3 27. Re2 Rxf4 28. Qxd5 h6 29. Rxe3 Rf2 30. e6 Qc7+ 31. Qd6 Qb7 32. Qg3 Rf5 33. Rd7 Rg5 34. Rxb7 Rxb7 35. Qf4 Kh7 36. e7 1-0


[Site "https://www.chess.com"]

[Event "Titled Tuesday Blitz January 03 Early 2023"]
[White "Kukula, Pawel"]
[Black "De Souza, Cristiano Gomes"]
[WhiteFideId "1115081"]
[BlackFideId "2151758"]
[WhiteElo "2135"]
[BlackElo "2018"]
[Result "0-1"]
[Round "06"]
[TimeControl "180+2"]
[Date "2023.01.03"]
[WhiteClock "0:00:21"]
[BlackClock "0:00:51"]

1. d4 Nf6 2. c4 g6 3. f3 Bg7 4. e4 d6 5. Nc3 O-O 6. Be3 Nc6 7. Qd2 a6 8. O-O-O e5 9. d5 Ne7 10. g4 h5 11. gxh5 Nxh5 12. Nge2 f5 13. Bg5 f4 14. h4 Bf6 15. Bh3 Kg7 16. Bg4 Rh8 17. Rdg1 Ng8 18. Nd1 Bd7 19. Nf2 Rc8 20. Bxh5 Rxh5 21. Ng4 Qe7 22. Nxf6 Nxf6 23. Rh2 Rch8 24. Rhg2 Be8 25. Kb1 Qf8 26. Nc1 Nh7 27. Nd3 Nxg5 28. hxg5 Rh1 29. c5 Rxg1+ 30. Rxg1 Rh3 31. Qg2 Qh8 32. cxd6 cxd6 33. Qc2 Bf7 34. Qc7 Rxf3 35. Nxe5 dxe5 36. Qxe5+ Kg8 37. Qb8+ Kg7 38. Qxb7 Qh2 39. Rc1 Qe2 40. Qe7 Qd3+ 41. Ka1 Qc2 42. Qe5+ Kg8 43. Qb8+ Kg7 44. Rh1 Rh3 45. Qe5+ Kg8 46. Rb1 Re3 47. Qb8+ Kg7 48. Qe5+ Kg8 49. Qb8+ Kg7 50. Qxf4 Rxe4 51. Qf6+ Kg8 52. Rf1 Qc7 53. Kb1 Rc4 54. d6 Qd7 55. b3 Rg4 56. Kb2 Rg2+ 57. Ka3 Rd2 58. Rh1 Qxd6+ 59. Qxd6 Rxd6 60. Rg1 Be6 61. Kb4 Bf5 62. a4 Kf7 63. Ka5 Ke6 64. b4 Ke5 65. b5 axb5 66. axb5 Kf4 67. b6 Be4 68. Rf1+ Kxg5 69. Re1 Kf4 70. Kb5 g5 71. Kc5 Rd2 72. Rf1+ Bf3 73. b7 Rb2 74. Kd6 g4 75. Kc7 Rxb7+ 76. Kc8 Rb2 77. Rc1 g3 78. Rc4+ Be4 79. Rc7 g2 80. Rg7 Rb3 81. Rf7+ Kg3 82. Rg7+ Kf2 83. Rf7+ Bf3 84. Rg7 Rb4 85. Rg5 Rg4 86. Rf5 g1=Q 87. Rc5 Qg3 88. Rc7 Qd6 89. Kb8 Rg8+ 90. Ka7 Ra8# 0-1


[Site "https://www.chess.com"]

[Event "Titled Tuesday Blitz January 03 Early 2023"]
[White "Novikova, Galina"]
[Black "Barbashin, Igor"]
[WhiteFideId "4157095"]
[BlackFideId "4155718"]
[WhiteElo "2073"]
[BlackElo "2169"]
[Result "1-0"]
[Round "06"]
[TimeControl "180+2"]
[Date "2023.01.03"]
[WhiteClock "0:00:34"]
[BlackClock "0:00:11"]

1. e4 d5 2. exd5 Nf6 3. Nf3 Nxd5 4. d4 g6 5. Be2 Bg7 6. O-O O-O 7. c4 Nb6 8. Nc3 Nc6 9. Be3 e5 10. d5 Ne7 11. Qd2 Nf5 12. Bc5 Re8 13. b3 Nd7 14. Ba3 e4 15. Ne1 e3 16. fxe3 Qg5 17. Bb2 Bd4 18. Nc2 Nxe3 19. Rf2 Bb6 20. Na4 Nxc2 21. Qxg5 Bxf2+ 22. Kxf2 Nxa1 23. Bxa1 f6 24. Qh6 Ne5 25. Bxe5 Rxe5 26. Nc5 b6 27. Nd3 Re7 28. Qf4 Bf5 29. Nb4 Bd7 30. Qxc7 Rae8 31. Bf3 Bg4 32. Qg3 Bxf3 33. Qxf3 f5 34. Nc6 Re1 35. Nd4 Ra1 36. Ne6 Rxa2+ 37. Kg3 Rb2 38. Qc3 Rxe6 39. dxe6 Re2 40. Qf6 Re3+ 41. Kf2 Re4 42. Qf7+ 1-0


[Site "https://www.chess.com"]

[Event "Titled Tuesday Blitz January 03 Early 2023"]
[White "Forgacs, Attila Jr."]
[Black "Lakshmi C"]
[WhiteFideId "773654"]
[BlackFideId "25035347"]
[WhiteElo "2264"]
[BlackElo "1928"]
[Result "1-0"]
[Round "06"]
[TimeControl "180+2"]
[Date "2023.01.03"]
[WhiteClock "0:00:04"]
[BlackClock "0:00:01"]

1. e4 c5 2. d3 Nc6 3. g3 g6 4. Bg2 Bg7 5. f4 e6 6. Nf3 Nge7 7. O-O d5 8. e5 b6 9. c3 Bb7 10. a4 Qc7 11. Be3 Nf5 12. Bf2 h5 13. Na3 a6 14. h3 Nfe7 15. Nc2 f6 16. exf6 Bxf6 17. Re1 e5 18. fxe5 Nxe5 19. Nxe5 Bxe5 20. Qe2 Bd6 21. Qe6 Kd8 22. Qf6 Re8 23. Re6 Kd7 24. Rae1 Rad8 25. h4 Kc8 26. Bh3 Kb8 27. Qg5 Bc8 28. a5 Bxe6 29. axb6 Qxb6 30. Rxe6 Qxb2 31. Re2 Qxc3 32. Bg2 Qxd3 33. Bf3 Nf5 34. Ne1 Qb5 35. Rxe8 Qxe8 36. Bxd5 Bc7 37. Bg2 Nd4 38. Qxc5 Qe5 39. Qb4+ Nb5 40. Kh2 Qd6 41. Qe4 Kc8 42. Bh3+ Kb8 43. Bg2 Kc8 44. Qb7+ Kd7 45. Bh3+ Ke8 46. Qe4+ Kf7 47. Nf3 Kg7 48. Ng5 Nd4 49. Bxd4+ Kg8 50. Bf2 1-0


[Site "https://www.chess.com"]

[Event "Titled Tuesday Blitz January 03 Early 2023"]
[White "Melikhov, Evgeny V."]
[Black "Hartikainen, Jarmo"]
[WhiteFideId "4122046"]
[BlackFideId "503134"]
[WhiteElo "2269"]
[BlackElo "2108"]
[Result "1-0"]
[Round "06"]
[TimeControl "180+2"]
[Date "2023.01.03"]
[WhiteClock "0:00:05"]
[BlackClock "0:00:03"]

1. d4 Nf6 2. c4 g6 3. Nc3 d5 4. cxd5 Nxd5 5. e4 Nxc3 6. bxc3 Bg7 7. Bc4 O-O 8. Ne2 c5 9. Be3 Qc7 10. Rc1 b6 11. h4 Bb7 12. d5 Nd7 13. h5 Ne5 14. Bd3 Ng4 15. Bf4 Qd7 16. f3 Ne5 17. c4 Rae8 18. h6 Bh8 19. Bxe5 Bxe5 20. f4 Bh8 21. e5 e6 22. d6 Bxg2 23. Rg1 Qc6 24. Ng3 Bf3 25. Qc2 f5 26. Be2 Be4 27. Qd2 a6 28. Kf2 b5 29. cxb5 axb5 30. Qe3 c4 31. Bf3 Bxf3 32. Qxf3 Qxf3+ 33. Kxf3 Ra8 34. Rg2 Rfd8 35. Rb2 Rab8 36. Rb4 Rb7 37. a4 Rdb8 38. axb5 Rxb5 39. Rxb5 Rxb5 40. Rxc4 Rb3+ 41. Kf2 Rb2+ 42. Ne2 Rb8 43. Rc7 g5 44. Kf3 gxf4 45. Kxf4 Rb4+ 46. Kf3 Bxe5 47. Rc8+ Kf7 48. d7 Rb3+ 49. Kf2 Bf6 50. d8=Q Bxd8 51. Rxd8 Kg6 52. Re8 Rb6 53. Ke3 Kxh6 54. Nf4 Kg5 55. Nxe6+ Kf6 56. Nf4 Rb3+ 57. Kf2 Rb2+ 58. Kf3 Rb3+ 59. Ke2 Rb2+ 60. Kd3 Rf2 61. Ke3 Rf1 62. Nd5+ Kg5 63. Rg8+ Kh4 64. Nf4 h5 65. Ng2+ Kh3 66. Nf4+ Kh2 67. Rh8 h4 68. Rxh4+ Kg3 69. Rh3+ Kg4 70. Rh1 Re1+ 71. Rxe1 Kg3 72. Rg1+ Kh2 73. Rg2+ Kh1 74. Rg5 Kh2 75. Kf3 Kh1 76. Kf2 Kh2 77. Rh5# 1-0


[Site "https://www.chess.com"]

[Event "Titled Tuesday Blitz January 03 Early 2023"]
[White "Kuchava, Ana"]
[Black "Hoffmann, Asa"]
[WhiteFideId "13605348"]
[BlackFideId "2001470"]
[WhiteElo "2101"]
[BlackElo "2185"]
[Result "0-1"]
[Round "06"]
[TimeControl "180+2"]
[Date "2023.01.03"]
[WhiteClock "0:02:33"]
[BlackClock "0:02:26"]

1. d4 Nf6 2. Nf3 d6 3. c4 c6 4. Nc3 Bf5 5. Bg5 Nbd7 6. e3 h6 7. Bh4 e5 8. dxe5 dxe5 9. Bg3 Qa5 10. Be2 Ne4 11. Qb3 Nxg3 12. hxg3 Nc5 13. Qa3 Nd3+ 14. Bxd3 Bxa3 15. bxa3 Qxc3+ 0-1


[Site "https://www.chess.com"]

[Event "Titled Tuesday Blitz January 03 Early 2023"]
[White "Qashashvili, Alexandre"]
[Black "Broca Jimenez, Fernando"]
[WhiteFideId "13600842"]
[BlackFideId "5104742"]
[WhiteElo "2505"]
[BlackElo "2075"]
[Result "1-0"]
[Round "06"]
[TimeControl "180+2"]
[Date "2023.01.03"]
[WhiteClock "0:02:05"]
[BlackClock "0:01:50"]

1. e4 c5 2. Nc3 g6 3. d3 Bg7 4. Nf3 Nc6 5. Be3 e6 6. Qd2 b6 7. Be2 Nge7 8. Bh6 O-O 9. h4 d5 10. h5 dxe4 11. hxg6 e3 12. gxh7+ Kh8 13. Bxg7+ Kxg7 14. Qxe3 Nf5 15. Qe4 Bb7 16. h8=Q+ Rxh8 17. Qg4+ Kf8 18. Rxh8+ Ke7 19. Rxd8 Rxd8 20. O-O-O Ncd4 21. Nxd4 Nxd4 22. Bf3 Ba6 23. Ne4 f5 24. Qg7+ Ke8 25. Nf6# 1-0


[Site "https://www.chess.com"]

[Event "Titled Tuesday Blitz January 03 Early 2023"]
[White "Dos Santos, Emmanuel"]
[Black "Gjestemoen-VonHirsch, Andre"]
[WhiteFideId "2103559"]
[BlackFideId "1539531"]
[WhiteElo "2261"]
[BlackElo "2314"]
[Result "0-1"]
[Round "06"]
[TimeControl "180+2"]
[Date "2023.01.03"]
[WhiteClock "0:00:15"]
[BlackClock "0:00:10"]

1. Nf3 g6 2. g3 Bg7 3. Bg2 Nf6 4. O-O O-O 5. c4 d5 6. cxd5 Nxd5 7. d4 Nc6 8. Nc3 Nb6 9. e3 e5 10. d5 Nb4 11. e4 a5 12. a3 Na6 13. Be3 Nc4 14. Bc1 Nc5 15. b3 Nd6 16. Qc2 f5 17. Bg5 Qe8 18. Nd2 f4 19. b4 axb4 20. axb4 Rxa1 21. Rxa1 Nd7 22. Ra8 h6 23. gxf4 hxg5 24. fxg5 Qe7 25. Bh3 Nb6 26. Bxc8 Nxa8 27. Be6+ Nf7 28. Qd3 Nb6 29. Qh3 Qxg5+ 30. Kf1 Qxd2 0-1


[Site "https://www.chess.com"]

[Event "Titled Tuesday Blitz January 03 Early 2023"]
[White "Fernandez Hernandez, Gerardo"]
[Black "Balint, Vilmos"]
[WhiteFideId "2207400"]
[BlackFideId "718050"]
[WhiteElo "2181"]
[BlackElo "2169"]
[Result "0-1"]
[Round "06"]
[TimeControl "180+2"]
[Date "2023.01.03"]
[WhiteClock "0:01:04"]
[BlackClock "0:02:14"]

1. e4 e6 2. d3 d5 3. Nd2 c5 4. g3 Nc6 5. Bg2 Nf6 6. Ngf3 Be7 7. O-O a6 8. Re1 b5 9. c3 Bb7 10. Qe2 Qb6 11. a3 c4 12. d4 dxe4 13. Nxe4 Nxe4 14. Qxe4 Nb4 15. Qg4 Nc2 16. Qxg7 Rf8 17. Bh6 Nxa1 18. Rxa1 O-O-O 19. Bf4 Bd6 20. Ne5 Bxg2 21. Kxg2 h5 22. Nxf7 Qb7+ 23. f3 Qxf7 24. Qxf7 Rxf7 25. Bxd6 Rxd6 0-1


[Site "https://www.chess.com"]